 Dungeon Crawl Stone Soup version 0.29-a0-923-g6e406bff71 (webtiles) character file.

Game seed: 2932176871381928945

59 porpoise the Trooper (level 3, -1/29 HPs)
             Began as a Demonspawn Abyssal Knight on July 28, 2022.
             Was a Priest of Lugonu.
             Killed by nerve-wracking pain
             ... invoked by Jessica
              (14 damage)
             ... on level 2 of the Dungeon.
             The game lasted 00:04:57 (1837 turns).

porpoise the Trooper (Demonspawn Abyssal Knight)    Turns: 1837, Time: 00:04:58

Health: -1/29      AC:  6    Str: 15    XL:     3   Next: 78%
Magic:  4/4        EV: 11    Int: 11    God:    Lugonu [***...]
Gold:   72         SH:  0    Dex: 13    Spells: 2/2 levels left

rFire   . . .      SeeInvis .   a - +1 spear
rCold   . . .      Faith    .   (no shield)
rNeg    . . .      Spirit   .   m - +0 leather armour
rPois   .          Reflect  .   (no helmet)
rElec   .          Harm     .   (no cloak)
rCorr   .          Rampage  .   (no gloves)
Will    .....                   l - +0 pair of boots
Stlth   +.........              (no amulet)
HPRegen 0.09/turn               (no ring)
MPRegen 0.09/turn               (no ring)

@: brilliant, lethally poisoned (-1 -> -6), slowed, very slow
A: icy blue scales 1, foul stench 1
a: Renounce Religion, Depart the Abyss, Bend Space, Banish


You were on level 2 of the Dungeon.
You worshipped Lugonu.
Lugonu was most pleased with you.
You visited 1 branch of the dungeon, and saw 3 of its levels.
You visited the Abyss 1 time.

You collected 72 gold pieces.

Inventory:

Hand Weapons
 a - a +1 spear (weapon)
 b - a +0 sling
Armour
 l - a +0 pair of boots (worn)
 m - a +0 leather armour (worn)
Scrolls
 c - a scroll of immolation {unknown}
 d - a scroll of butterflies {unknown}
 e - 2 scrolls of poison {unknown}
 g - a scroll of enchant armour {unknown}
 i - 3 scrolls of amnesia {unknown}
 k - 2 scrolls of identify {unknown}
Potions
 f - a potion of brilliance
 h - a potion of heal wounds {unknown}
 j - a potion of degeneration {unknown}
 n - a potion of curing {unknown}


   Skills:
 + Level 3.6 Fighting
 * Level 3.3 Polearms
 - Level 1.7 Armour
 - Level 0.8 Dodging
 - Level 2.4 Invocations


You had 2 spell levels left.
You didn't know any spells.
Your spell library contained the following spells:

 Spells                   Type           Power      Damage    Failure   Level
 Freeze                   Ice            0%         1d3       41%         1
 Slow                     Hex            0%         N/A       41%         1
 Confusing Touch          Hex            0%         N/A       78%         3
 Frozen Ramparts          Ice            0%         1d2       78%         3
 Vampiric Draining        Necr           0%         2d6       78%         3
 Hailstorm                Conj/Ice       0%         3d3       99%         4


Dungeon Overview and Level Annotations

Branches:
Dungeon (3/15)

Altars:

Annotations:
D:2 Jessica


Innate Abilities, Weirdness & Mutations

You are partially covered in icy blue scales. (AC +2)
You may rarely emit foul miasma when damaged in melee.


Message History

a +0 short sword; 5 stones; a kobold corpse The adder attacks as you move away!
The adder bites you but does no damage.
You completely miss the adder. The adder bites you but does no damage.
You hit the adder.
The adder is heavily wounded.
The adder misses you.
You closely miss the adder.
The adder is heavily wounded.
The adder bites you but does no damage. The adder misses you.
You barely miss the adder.
The adder is heavily wounded.
Jessica casts a spell.
Jessica blinks!
The adder closely misses you.
Jessica gestures wildly while chanting.
Jessica blinks!
You miss the adder.
The adder is heavily wounded.
The adder misses you.
You closely miss the adder.
The adder is heavily wounded.
Jessica gestures wildly while chanting.
Jessica blinks!
The adder misses you.
You barely miss the adder.
The adder is heavily wounded.
The adder barely misses you.
Jessica gestures wildly while chanting.
Jessica blinks!
You hit the adder.
The adder is severely wounded.
The adder bites you.
You are poisoned.
The adder poisons you!
Jessica points at you and mumbles some strange words.
You feel yourself slow down. The adder bites you but does no damage.
It was a potion of brilliance.
You feel clever all of a sudden.
You feel sick. The adder bites you but does no damage.
Jessica gestures at you while chanting. Pain shoots through your body!
You die...

###.....######## ##.
####...##### ##...
#<.........# #..# ###
#.#..#####.#########..####...
.............................
#.#..########.......##........
# #.# ####S...##........ #.
#S#...#.S...... .
#@###.......... #.#
##@........ #@# #........##
..##..........#
####...@......# .....
#..........# ......
#.........!# .......
...........# .....>.


You could see 2 adders and Jessica (fast).

Vanquished Creatures
  An adder (D:2)
  2 dart slugs (D:1)
  An orc (D:3)
  6 ball pythons
  3 bats
  An endoplasm (D:2)
  5 goblins (D:1)
  6 hobgoblins
  2 quokkas
  7 frilled lizards
  7 kobolds
  4 rats (D:1)
45 creatures vanquished.

Notes
Turn   | Place    | Note
-------+----------+-------------------------------------------
     0 | Abyss:1  | porpoise the Demonspawn Abyssal Knight began the quest for
                  | the Orb.
     0 | Abyss:1  | Reached XP level 1. HP: 18/18 MP: 2/2
     3 | D:1      | Escaped the Abyss
   286 | D:1      | Gained mutation: You are partially covered in icy blue
                  | scales. (AC +2) [demonic ancestry]
   286 | D:1      | Reached XP level 2. HP: 22/24 MP: 3/3
   784 | D:1      | Reached *** piety under Lugonu
   856 | D:1      | Gained mutation: You may rarely emit foul miasma when
                  | damaged in melee. [demonic ancestry]
   856 | D:1      | Reached XP level 3. HP: 29/29 MP: 4/4
  1319 | D:2      | You fall into a shaft and drop 1 floor!
  1816 | D:2      | Noticed Jessica
  1837 | D:2      | Killed from afar by Jessica

Illustrated notes

Levels and vault maps discovered:
D:1:      lemuel_arrival_lava_pool, layout_basic, kennysheep_nondescript
D:2:      layout_rooms, uniq_jessica
D:3:      layout_basic, serial_glass, glass_columns_a, glass_columns_a,
          shapermc_ecumenical_altar_mp_urbaneastern, uniq_grinder, uniq_terence

Skill      XL: |  1  2  3 |
---------------+----------+-----
Polearms       | 2 3 |  3.3
Fighting       | |  3.6
Armour         | |  1.7
Dodging        | |  0.8
Invocations    | |  2.4

Action                   || total
-------------------------++-------
Melee: Spear             ||   150
       Punch             ||     2
 Fire: Sling             ||     6
  Use: Potion            ||     1
 Stab: Sleeping          ||     2
Armor: Leather armour    ||    24
Dodge: Dodged            ||    56

Table legend: (Time is in decaauts)
 A = Elapsed time spent in this place.
 B = Non-inter-level travel time spent in this place.
 C = Inter-level travel time spent in this place.
 D = Time resting spent in this place.
 E = Time spent auto-exploring this place.
 F = Levels seen in this place.
 G = Mean time per level.
                   A        B        C        D        E       F      G
               +--------+--------+--------+--------+--------+-----+--------+
         Total |   1830 |   1800 |     30 |    536 |    921 |   4 |  457.5 |
       Dungeon |   1827 |   1797 |     30 |    536 |    921 |   3 |  609.0 |
         Abyss |      3 |      3 |      0 |      0 |      0 |   1 |    3.0 |
               +--------+--------+--------+--------+--------+-----+--------+

Top non-repeatable levels by time:
     D:1: 1313 daAuts
     D:2: 374 daAuts
     D:3: 140 daAuts
 Abyss:1: 3 daAuts
